 Dungeon Crawl Stone Soup version 0.13.2 (webtiles) character file.

5560 HexaDoken the Conjurer (level 10, -6/50 HPs)
             Began as a Gargoyle Fire Elementalist on Dec 28, 2013.
             Was a High Priest of Sif Muna.
             Splashed by a brown ugly thing's acid (12 damage)
             ... on Level 14 of the Dungeon on Apr 5, 2014.
             The game lasted 01:48:32 (10787 turns).

HexaDoken the Conjurer (GrFE)                      Turns: 10787, Time: 01:48:32

HP  -6/50        AC 12     Str 14      XL: 10   Next: 59%
MP  24/24        EV 12     Int 19      God: Sif Muna [*****.]
Gold 396         SH  0     Dex 10      Spells:  4 memorised, 11 levels left

Res.Fire  : . . .   See Invis. : +   r - staff of wizardry
Res.Cold  : . . .   Warding    : .   a - +0 robe
Life Prot.: + . .   Conserve   : .   (no shield)
Res.Poison: +       Res.Corr.  : .   (no helmet)
Res.Elec. : +       Clarity    : .   (no cloak)
Sust.Abil.: . .     Spirit.Shd : .   q - +1 pair of gauntlets
Res.Mut.  : .       Stasis     : .   w - +0 pair of boots
Res.Rott. : +       Flight     : .   h - amulet of the gourmand
Gourmand  : +                        t - ring of see invisible
                                     m - +2 ring of strength

@: somewhat resistant to hostile enchantments, fairly stealthy
A: fangs 1, talons 2, life protection 1, electricity resistance, slow metabolism
1, unbreathing, petrification resistance, AC +7
a: Channel Energy, Forget Spell, Renounce Religion


You were on level 14 of the Dungeon.
You worshipped Sif Muna.
Sif Muna was extremely pleased with you.
You were not hungry.

You visited 2 branches of the dungeon, and saw 14 of its levels.
You also visited: Ossuary.

You collected 376 gold pieces.

Inventory:

Hand weapons
 n - a +2,+2 dagger of returning
Missiles
 d - 13 arrows
 f - 22 stones
 l - 14 steel darts (quivered)
Armour
 a - a +0 robe (worn)
 q - a +1 pair of gauntlets (worn)
 w - a +0 pair of boots (worn)
Magical devices
 o - a wand of polymorph (10)
 u - a wand of disintegration (5)
 y - a wand of teleportation (0)
 B - a wand of paralysis (0)
 C - a wand of disintegration (15)
 D - a wand of draining (4)
 L - a wand of disintegration (9)
Comestibles
 c - 2 bread rations
 J - a meat ration
Scrolls
 g - 7 scrolls of identify
 j - a scroll of recharging
 p - 2 scrolls of remove curse
 x - 2 scrolls of magic mapping
 A - 2 scrolls of teleportation
 G - a scroll of fear
 H - a scroll of amnesia
Jewellery
 h - an amulet of the gourmand (around neck)
 m - a +2 ring of strength (left hand)
 t - a ring of see invisible (right hand)
 v - an uncursed amulet of rage
 I - an uncursed ring of positive energy
Potions
 e - 2 potions of magic
 i - 4 potions of curing
 k - 2 potions of resistance
 z - 2 potions of brilliance
 M - a potion of invisibility
Books
 b - a book of Flames

   Spells                             Type                      Level
   *Flame Tongue                      Conjuration/Fire             1
   *Throw Flame                       Conjuration/Fire             2
   Conjure Flame                      Conjuration/Fire             3
   Inner Flame                        Hexes/Fire                   3
   *Sticky Flame                      Conjuration/Fire             4
   *Fireball                          Conjuration/Fire             5
 E - a book of Control

   Spells                             Type                      Level
   Control Teleport                   Charms/Translocation         4
   Control Undead                     Necromancy                   4
   Enslavement                        Hexes                        4
   Mass Confusion                     Hexes                        6
   Metabolic Englaciation             Hexes/Ice                    6
Magical staves
 r - an uncursed staff of wizardry (weapon)
 s - an uncursed staff of poison
Miscellaneous
 K - a legendary deck of dungeons {drawn: 1}


   Skills:
 + Level 5.9 Staves
 - Level 1.5 Dodging
 - Level 2.1 Stealth
 * Level 7.3 Spellcasting
 - Level 9.3 Conjurations
 - Level 9.0 Fire Magic


You had 11 spell levels left.
You knew the following spells:

 Your Spells              Type           Power        Failure   Level  Hunger
a - Flame Tongue          Conj/Fire      #####        1%          1    None
b - Throw Flame           Conj/Fire      #####.       1%          2    None
c - Sticky Flame          Conj/Fire      #####...     1%          4    ###....
d - Fireball              Conj/Fire      #####.....   2%          5    #####..


Dungeon Overview and Level Annotations

Branches:
Dungeon (14/27)            Temple (1/1) D:4             Orc (0/4) D:9
   Lair (0/8) D:13

Altars:
Ashenzari
Cheibriados
Elyvilon
Fedhas
Kikubaaqudgha
Makhleb
Nemelex Xobeh
Okawaru
Sif Muna
Trog
Vehumet
Xom
Yredelemnul
Zin
the Shining One

Shops:
D:14 }

Annotations:
D:12 Grum


Innate Abilities, Weirdness & Mutations

You are resistant to torment.
You are immune to poison.
Your stone body is very resilient (AC +7).
You have very sharp teeth.
You have razor-sharp toenails.
You resist negative energy.
You are resistant to electric shocks.
You have a slow metabolism.
You can survive without breathing.
You are immune to petrification.


Message History

You see here a large rock.
The cyclops throws a large rock.
The large rock hits you!
* * * LOW HITPOINT WARNING * * *
You see here a large rock.
You start resting.
You open the door.
There is an open door here.
Found a twisted bone wand.
Found a stone staircase leading down.
There is a stone staircase leading down here.
You climb downwards.
A hound and 4 ugly things come into view.
Found four items.
Found Raokk's Gadget Boutique.
Found a burning altar of Makhleb.
Found a stone staircase leading down.
There is a stone staircase leading up here.
The brown ugly thing gurgles horribly!
The brown ugly thing bites you.
* * * LOW HITPOINT WARNING * * *
You are splashed with acid!
The acid burns!
You die...

..) .._.....(
........(..
.............
#####.....#####
≈≈≈≈≈≈#...#≈≈≈≈
≈≈≈≈≈≈#...#≈≈≈≈
≈≈≈≈≈≈≈#uh.#≈≈≈≈≈
≈≈≈≈≈≈≈#@.?#≈≈≈≈≈
≈≈≈≈≈≈≈#...#≈≈≈≈≈
≈≈≈≈≈≈#...#≈≈≈≈
≈≈≈≈≈≈#.uu#≈≈≈≈
≈≈≈≈≈≈#..u#≈≈≈≈
≈≈≈≈≈#...#≈≈;
≈≈≈≈#...#≈≈
≈≈≈#...#≈ #.∩


You could see 4 ugly things, a hound and an electric eel.

Vanquished Creatures
  An unseen horror (D:10)
  An elephant (D:13)
  A human (D:6)
  A shark (D:10)
  3 yaks (D:10)
  A hippogriff (D:10)
  A hill giant zombie (D:8)
  2 hungry ghosts
  An orc warrior (D:10)
  A sky beast (D:7)
  2 phantoms
  3 ice beasts
  A centaur (D:8)
  A yellow wasp (D:13)
  A crocodile (D:13)
  3 ogres
  4 giant frogs
  A gnoll sergeant (D:8)
  A cyclops skeleton (D:10)
  8 wights (D:8)
  A jellyfish (D:10)
  4 killer bees (D:10)
  4 goliath beetles
  3 electric eels (D:10)
  A hippogriff skeleton (D:7)
  3 orc wizards (D:10)
  A big fish (D:10)
  A giant frog skeleton (D:5)
  An orc priest (D:10)
  6 scorpions
  2 worker ants
  An iguana (D:10)
  A killer bee zombie (D:8)
  A sheep (D:13)
  A hound zombie (D:5)
  2 worker ant zombies (D:9)
  5 adders
  2 giant centipedes
  4 gnolls (D:8)
  An inept feature mimic (D:3)
  A giant centipede zombie (D:10)
  3 giant eyeballs
  4 giant geckos
  2 oozes
  11 orcs
  2 bat zombies
  16 goblins
  13 hobgoblins
  4 jackals (D:1)
  A ball python (D:8)
  A ball python skeleton (D:4)
  16 bats
  4 giant cockroaches
  5 giant newts
  2 giant spores (D:9)
  A goblin skeleton (D:4)
  A hobgoblin skeleton (D:6)
  20 kobolds
  A kobold skeleton (Ossuary)
  An orc skeleton (Ossuary)
  A quokka (D:10)
  7 rats
  8 ballistomycetes (D:9)
208 creatures vanquished.

Vanquished Creatures (others)
  An orc warrior (D:9)
  A kobold (D:10)
  A giant newt (D:10)
3 creatures vanquished.

Grand Total: 211 creatures vanquished

Notes
Turn   | Place    | Note
--------------------------------------------------------------
     0 | D:1      | HexaDoken, the Gargoyle Fire Elementalist, began the quest for the Orb.
     0 | D:1      | Reached XP level 1. HP: 10/10 MP: 3/3
     0 | D:1      | Tux: garg is a tank
     0 | D:1      | Tux: better go monk with him
     0 | D:1      | Tux: he's awesome as a monk
     0 | D:1      | HexaDoken: monk sux
     0 | D:1      | HexaDoken: spellcaster is the only option
   262 | D:1      | Reached XP level 2. HP: 15/15 MP: 4/4
   345 | D:1      | Tux: New "potion of lignification" - induces tree form.
   347 | D:1      | Tux: ahaha
   347 | D:1      | HexaDoken: ahahah
   532 | D:1      | HexaDoken: once upon a time
   532 | D:1      | HexaDoken: i became a tree
   532 | D:1      | HexaDoken: in the middle of a monster crowd
   532 | D:1      | HexaDoken: and i killed them all using awesome TREE POWAH
   562 | D:1      | HexaDoken: those were good times
   715 | D:1      | Tux: pls
   722 | D:1      | Tux: New unrand: "hat of the High Council" - spellpower at the expense of spell success rates.
  1032 | D:1      | HexaDoken: typical
  1035 | D:1      | Tux: welp
  1035 | D:1      | HexaDoken: :O
  1035 | D:1      | HexaDoken: 3 potions of magic
  1035 | D:1      | HexaDoken: THREE POTIONS OF MAGIC
  1035 | D:1      | HexaDoken: did they become more common or something
  1035 | D:1      | Tux: dunno
  1035 | D:1      | Tux: but
  1037 | D:2      | Tux: "Rot resistance: Gargoyles are composed of stone rather than flesh, and thus cannot rot. "
  1037 | D:2      | Tux: THEY STILL NEED TO EAT
  1042 | D:2      | Reached XP level 3. HP: 15/19 MP: 5/5
  1043 | D:2      | HexaDoken: not much
  1043 | D:2      | HexaDoken: slow metabolism
  1043 | D:2      | HexaDoken: i can go with ring of hunger
  1054 | D:2      | Tux: but they are composed of stone
  1120 | D:2      | Tux: and need to eat
  1120 | D:2      | Tux: logic pls
  1120 | D:2      | HexaDoken: welcome to crawl
  1120 | D:2      | HexaDoken: fuck logic
  1131 | D:2      | Reached skill level 4 in Fire Magic
  1184 | D:2      | Tux: back off
  1203 | D:2      | HexaDoken: okay MAYBE i cant go around with ring of hunger
  1242 | D:2      | Tux: uh
  1244 | D:2      | Tux: wait
  1246 | D:2      | HexaDoken: FUDGE YES
  1246 | D:2      | HexaDoken: A CORPSE
  1251 | D:2      | Tux: eat the corpses
  1251 | D:2      | Tux: but
  1254 | D:2      | Tux: kobold
  1254 | D:2      | Tux: you can eat kobolds too
  1254 | D:2      | Tux: since youre poison resistant
  1254 | D:2      | HexaDoken: they left a corpse?
  1262 | D:2      | HexaDoken: oh right
  1262 | D:2      | HexaDoken: im used to offline version
  1262 | D:2      | HexaDoken: interface is different there
  1267 | D:2      | Tux: also >runed dagger
  1274 | D:2      | Tux: inb4 cursed of -2 slay-
  1276 | D:2      | Tux: noes
  1341 | D:2      | Tux: was that ballistomycea
  1355 | D:2      | HexaDoken: nop
  1355 | D:2      | HexaDoken: they dont appear this early
  1355 | D:2      | Tux: ko
  1355 | D:2      | HexaDoken: or shouldnt
  1372 | D:2      | Tux: they sometimes do
  1388 | D:2      | HexaDoken: then i call hax
  1388 | D:2      | Tux: i got one on 3ed i think
  1388 | D:2      | HexaDoken: because at this level
  1388 | D:2      | HexaDoken: getting hit by half a ballyscomytete
  1388 | D:2      | HexaDoken: or whatever the spelling is
  1388 | D:2      | HexaDoken: would be a ohko
  1388 | D:2      | HexaDoken: though im a garg
  1388 | D:2      | Tux: yeah
  1511 | D:2      | Tux: why are you still wearing a cursed ring of hunger
  1516 | D:2      | Tux: this isnt nethack
  1518 | D:2      | Tux: pls
  1518 | D:2      | HexaDoken: because
  1518 | D:2      | HexaDoken: why not
  1529 | D:2      | HexaDoken: i cant exactly take it off you know
  1570 | D:2      | Tux: but blessing is the commonest scroll ever
  1608 | D:2      | Tux: also GLOVES
  1608 | D:2      | Tux: GET THE GLOVES
  1608 | D:2      | HexaDoken: actually its identify
  1608 | D:2      | HexaDoken: FUCK GLOVES
  1608 | D:2      | HexaDoken: CLAWS FTW
  1727 | D:2      | Reached XP level 4. HP: 22/24 MP: 0/7
  1950 | D:2      | Tux: at that square
  1951 | D:2      | Tux: there could be something at 9
  1951 | D:2      | HexaDoken: eee
  1951 | D:2      | HexaDoken: where
  1952 | D:2      | Tux: up
  1952 | D:2      | HexaDoken: yay
  1952 | D:2      | HexaDoken: meh
  1952 | D:2      | HexaDoken: lazy
  1953 | D:2      | Tux: pls
  1953 | D:2      | Tux: once i found
  1953 | D:2      | Tux: a mouse lair
  1953 | D:2      | Tux: with 20 cheeses
  1953 | D:2      | HexaDoken: okay uh
  1953 | D:2      | HexaDoken: remind me
  1953 | D:2      | HexaDoken: how do i put things off in this world
  1953 | D:2      | Tux: hm
  1953 | D:2      | Tux: i?
  1953 | D:2      | Tux: {
  1953 | D:2      | HexaDoken: nop
  1954 | D:2      | HexaDoken: R
  1954 | D:2      | Tux: o
  1955 | D:2      | Tux: rofl
  2026 | D:2      | Tux: i found conjure flame pretty useful
  2026 | D:2      | Tux: to block passages if someone is following you
  2026 | D:2      | HexaDoken: i'll just go for sticky i guess
  2029 | D:2      | Learned a level 2 spell: Throw Flame
  2047 | D:3      | Tux: spellcasting?
  2047 | D:3      | HexaDoken: i dunno really if its good to start training it now
  2047 | D:3      | HexaDoken: prolly not
  2047 | D:3      | HexaDoken: also semi-afk i go
  2047 | D:3      | Tux: In 0.14 Gargoyles will lose their two auxiliary attacks and Slow Metabolism 1, and the current GDR formula will be modified. Their GDR will be calculated by treating their body armour as if the base AC value was 5 higher.
  2047 | D:3      | Tux: neeeeeeeeerf
  2047 | D:3      | HexaDoken: buff*
  2047 | D:3      | HexaDoken: throwing GDR by 5
  2047 | D:3      | HexaDoken: uo
  2047 | D:3      | HexaDoken: up*
  2047 | D:3      | Tux: no longer claws and fangs
  2047 | D:3      | Tux: no longer slow metabolism
  2047 | D:3      | HexaDoken: oh yeah that nerfs monk
  2047 | D:3      | Tux: PLUS
  2047 | D:3      | Tux: Increased GDR: Gargoyles lose a sixth of their body armour's GDR, but they receive a large bonus (+24) which cancels this loss. New_GDR = 5×Old_GDR/6 + 24. This bonus doesn't work when they are transformed, except Statue Form. Gargoyles in Statue Form have 62% GDR.
  2047 | D:3      | HexaDoken: but dgaf
  2047 | D:3      | Tux: right now
  2047 | D:3      | HexaDoken: welp
  2047 | D:3      | HexaDoken: idgaf
  2047 | D:3      | HexaDoken: i dont follow crawl
  2047 | D:3      | Tux: spriggan assassin pls
  2078 | D:3      | Tux: inb4 potion of poison to which you're resistant
  2200 | D:3      | Found a shattered altar of Ashenzari.
  2208 | D:3      | HexaDoken: mmm
  2208 | D:3      | HexaDoken: ashenzari
  2208 | D:3      | HexaDoken: join y/n
  2208 | D:3      | Tux: nope
  2208 | D:3      | Tux: go with syf monia
  2208 | D:3      | HexaDoken: fuck standard choices
  2208 | D:3      | HexaDoken: though yeah
  2208 | D:3      | HexaDoken: ash is bad
  2251 | D:3      | Tux: i lied
  2254 | D:3      | Tux: go with TROG
  2280 | D:3      | HexaDoken: nop
  2280 | D:3      | HexaDoken: maybe oka
  2383 | D:3      | Tux: oboi
  2391 | D:3      | Tux: lo
  2445 | D:3      | Found a snail-covered altar of Cheibriados.
  2446 | D:3      | HexaDoken: chei
  2446 | D:3      | HexaDoken: go y/n
  2453 | D:3      | Tux: eeeeeeeeeeee
  2472 | D:3      | HexaDoken: nah
  2472 | D:3      | HexaDoken: i've played chei
  2484 | D:3      | Tux: inb4 constriction
  2484 | D:3      | Tux: inb4 nethack
  2484 | D:3      | Tux: beryl?
  2484 | D:3      | Tux: lol
  2491 | D:3      | Found a shimmering altar of Xom.
  2532 | D:3      | HexaDoken: lol
  2532 | D:3      | HexaDoken: friend took over
  2532 | D:3      | HexaDoken: ima ded probly
  2532 | D:3      | Tux: friend took over?
  2532 | D:3      | Tux: wat
  2532 | D:3      | HexaDoken: y
  2532 | D:3      | HexaDoken: happens
  2532 | D:3      | Tux: you still have magipotions
  2532 | D:3      | Tux: and telescrolls
  2532 | D:3      | HexaDoken: im too lazy to actually do anything
  2533 | D:3      | Reached XP level 5. HP: 21/28 MP: 3/8
  2536 | D:3      | Tux: lo
  2536 | D:3      | Tux: also ur hungary
  2536 | D:3      | HexaDoken: yeah
  2536 | D:3      | HexaDoken: i noticed
  2768 | D:3      | Upgraded the game from 0.13.1-19-g4b9377e to 0.13.1-36-g052d4d5
  3004 | D:4      | Noticed an ogre
  3067 | D:3      | Killed an ogre
  3067 | D:3      | Reached skill level 5 in Fire Magic
  3280 | D:4      | Found a staircase to the Ecumenical Temple.
  3286 | Temple   | Entered the Ecumenical Temple
  3352 | Temple   | Became a worshipper of Sif Muna the Loreminder
  3732 | D:5      | Entered Level 5 of the Dungeon
  3762 | D:5      | Reached XP level 6. HP: 17/32 MP: 6/9
  3931 | D:5      | Noticed a phantom
  4004 | D:5      | Found a sand-covered staircase.
  4009 | Ossuary  | Entered an ossuary
  4009 | Ossuary  | Noticed a guardian mummy
  4009 | Ossuary  | Noticed a guardian mummy
  4009 | Ossuary  | Noticed a guardian mummy
  4186 | D:5      | Reached skill level 5 in Conjurations
  4300 | D:5      | Noticed an ice beast
  4309 | D:5      | HP: 1/32 [ice beast (13)]
  4313 | D:5      | Killed an ice beast
  4313 | D:5      | Reached XP level 7. HP: 32/36 MP: 5/10
  4354 | D:5      | Got a diamond-encrusted leather armour
  4361 | D:5      | Identified the cursed +2 leather armour of Depression {Str+2 Dex+2} (You found it on level 5 of the Dungeon)
  4736 | D:4      | Learned a level 4 spell: Sticky Flame
  4853 | D:5      | Noticed an ice beast
  5236 | D:6      | Acquired Sif Muna's first power
  5236 | D:6      | Reached skill level 6 in Fire Magic
  5312 | D:6      | Noticed a human
  5312 | D:6      | a sky beast changed into a human
  5327 | D:6      | Killed a human
  5426 | D:6      | Noticed a troll
  5454 | D:7      | Found a burning altar of Makhleb.
  5481 | D:7      | Reached XP level 8. HP: 34/41 MP: 1/14
  6098 | D:7      | Acquired Sif Muna's second power
  6098 | D:7      | Reached skill level 7 in Conjurations
  6173 | D:7      | Reached skill level 1 in Staves
  6661 | D:8      | Paralysed by a centaur for 3 turns
  6669 | D:8      | Paralysed by a centaur for 2 turns
  6681 | D:8      | Reached skill level 8 in Conjurations
  6681 | D:8      | Reached XP level 9. HP: 34/45 MP: 13/18
  6717 | D:8      | Noticed a seven-headed hydra
  6720 | D:8      | Noticed a hill giant
  6729 | D:8      | Noticed a centaur warrior
  6946 | D:8      | Learned a level 5 spell: Fireball
  7487 | D:8      | Upgraded the game from 0.13.1-36-g052d4d5 to 0.13.2
  8104 | D:9      | Found a staircase to the Orcish Mines.
  8209 | D:9      | Paralysed by a giant eyeball for 4 turns
  8219 | D:9      | Paralysed by a giant eyeball for 2 turns
  8459 | D:10     | Entered Level 10 of the Dungeon
  8748 | D:10     | Acquired Sif Muna's third power
  8748 | D:10     | Reached skill level 5 in Spellcasting
  8802 | D:10     | Reached skill level 9 in Conjurations
  8905 | D:10     | Reached XP level 10. HP: 50/50 MP: 11/22
  9802 | D:10     | Noticed an unseen horror
  9808 | D:10     | Killed an unseen horror
  9808 | D:10     | Reached skill level 5 in Staves
 10328 | D:10     | Found a shimmering altar of Xom.
 10392 | D:10     | You fall through a shaft!
 10437 | D:13     | Noticed an elephant
 10438 | D:13     | Found a staircase to the Lair.
 10457 | D:13     | Killed an elephant
 10576 | D:12     | Noticed Grum
 10751 | D:13     | Noticed a cyclops
 10786 | D:14     | Entered Level 14 of the Dungeon
 10786 | D:14     | Found a burning altar of Makhleb.
 10786 | D:14     | Found Raokk's Gadget Boutique.
 10787 | D:14     | Splashed by a brown ugly thing's acid

Action                   |  1- 3 |  4- 6 |  7- 9 | 10-12 || total
-------------------------+-------+-------+-------+-------++-------
Melee: Dagger            |   105 |   144 |       |       ||   249
       Unarmed           |    10 |       |       |       ||    10
       Short sword       |       |       |   253 |       ||   253
       Staff             |       |       |   431 |   100 ||   531
Throw: Dart              |       |       |    14 |       ||    14
 Cast: Flame Tongue      |    41 |     6 |     1 |       ||    48
       Throw Flame       |       |    30 |    29 |     9 ||    68
       Sticky Flame      |       |       |    41 |    12 ||    53
       Fireball          |       |       |    19 |    23 ||    42
Evoke: Wand              |       |       |    10 |     8 ||    18
       Deck              |       |       |       |     1 ||     1
  Use: Potion            |     2 |     5 |     5 |     1 ||    13
       Scroll            |     1 |     6 |     7 |     2 ||    16
 Stab: Sleeping          |     2 |     3 |     1 |     1 ||     7
